Map: Catalyst LE

Players

SgagzTouze

  • Race: Zerg Zerg
  • Spawn Location: 11:00

Jason - Winner!

  • Race: Terran Terran
  • League: Grandmaster
  • Spawn Location: 5:00

VOD

Have the link to the VOD?

Description

Time

  • Played on: March 2, 2018, 8:50 p.m.
  • Length: 6:00
Show
View Real Time Build Order
Export as new Build Order

SgagzTouze Zerg 

Build Orders: Pool First 

Get SALT Encoding   

  12  0:01  Drone  
  13  0:12  Overlord  
  13  0:18  Drone  
  14  0:30  Drone  
  14  0:31  Drone  
  16  0:41  Drone  
  17  0:47  Spawning Pool  
  16  0:54  Drone  
  17  1:14  Hatchery  
  17  1:17  Drone  
  17  1:18  Extractor  
  16  1:33  Zergling x4  
  16  1:34  Zergling x2  
  16  1:36  Queen  
  21  1:45  Drone  
  22  2:00  Overlord  
  22  2:18  Queen  
  22  2:22  Drone x2  
  26  2:26  Drone  
  26  2:27  Queen  
  29  2:32  Drone  
  30  2:37  Drone  
  30  2:43  Drone x2  
  33  2:46  Drone x2  
  35  3:05  Drone x2  
  36  3:08  Lair  
  35  3:15  Drone  
  35  3:17  Overlord  
  35  3:18  Drone  
  36  3:25  Overlord  
  36  3:36  Drone x3  
  36  3:39  Drone  
  40  3:41  Hatchery  
  39  3:48  Drone  
  39  3:49  Drone x3  
  39  3:53  Drone, Extractor  
  39  3:54  Drone  
  44  4:09  Drone x3  
  48  4:10  Drone x3, Hydralisk Den  
  48  4:13  Extractor  
  48  4:21  Queen  
  50  4:28  Overlord, Evolution Chamber  
  50  4:30  Extractor  
  48  4:42  Hydralisk, Muscular Augments  
  48  4:43  Hydralisk  
  52  4:46  Hydralisk x2  
  52  4:48  Hydralisk x2  
  60  4:53  Hydralisk  
  60  4:59  Hydralisk  
  64  5:01  Overlord  
  64  5:05  Queen  
  66  5:10  Overlord  
  66  5:19  Hydralisk x3  
  72  5:22  Hydralisk  
  74  5:32  Overlord  
  74  5:33  Hydralisk  
Show
View Real Time Build Order
Export as new Build Order

Jason Terran - Winner!

Build Orders: Gas First Reaper Expand, Reaper Expand 

Get SALT Encoding   

  12  0:01  SCV  
  13  0:13  SCV  
  14  0:20  Supply Depot  
  14  0:25  SCV  
  15  0:32  Refinery  
  15  0:41  SCV  
  16  0:48  Barracks  
  16  0:53  SCV  
  17  1:05  SCV  
  18  1:18  SCV  
  19  1:34  Orbital Command  
  19  1:36  Reaper  
  20  1:44  Command Center  
  20  1:55  Factory  
  20  2:01  SCV  
  21  2:08  Supply Depot  
  21  2:11  Barracks Reactor  
  21  2:13  SCV  
  22  2:17  Refinery  
  22  2:25  SCV  
  23  2:37  SCV  
  24  2:46  Starport  
  24  2:52  Marine, Hellion  
  24  2:53  Marine  
  27  3:21  SCV  
  27  3:25  Starport Tech Lab  
  28  3:27  Hellion x2, Orbital Command  
  28  3:28  Fusion Core  
  28  3:32  Supply Depot  
  32  3:34  SCV  
  33  3:47  SCV  
  34  3:49  Refinery  
  34  3:50  Supply Depot  
  34  3:52  Hellion  
  36  3:56  Hellion  
  36  4:00  SCV  
  36  4:01  SCV  
  40  4:17  SCV  
  40  4:18  SCV  
  42  4:24  Battlecruiser  
  42  4:29  SCV  
  42  4:30  SCV  
  50  4:34  Hellion  
  50  4:36  Hellion  
  54  4:41  SCV  
  54  4:42  SCV  
  56  4:49  Weapon Refit  
  56  4:54  SCV x2  
  56  4:55  Supply Depot  
  56  4:58  Hellion  
  60  5:01  Hellion  
  62  5:13  Supply Depot  
  62  5:17  SCV x2  
  64  5:23  Hellion x2  
  68  5:29  SCV x2, Supply Depot  
  70  5:36  Supply Depot  
Tags
 
Add a new tag
Caveats
  • Supply blocks, unpowered buildings, or Contaminate may cause inaccurate times.
  • Supply counts are checked every 10 seconds.